Zazza, neutral female human Tourist ---- -(... ### | # ----------- ------- ##-..........# ------- ------------ #......| |.........|# |.....| |..........| #|...... |.........|### #......| |..........| #|...`.| ------|---- `###|.....| |..........-# #-----.-# # ### ------- |.........>|# #### ### # #### #### |..........|# # ## f # ### # ------------# # ### # @ # # -.-- # # # ---.----# ############f#G#############...| # # # |.......### # # |..| ### -----# ##-......|### ## ##+..| # |.(.|# |.......# + |`.| ##....|# |......|# ---- |<...# |.......# ----- -------- Zazza the Rambler Experience level: 1 Strength: 15 Dexterity: 11 Constitution: 15 Intelligence: 13 Wisdom: 8 Charisma: 18 Health: 0(10) Energy: 2(2) Def: 0 Gold: 1170 Moves: 2153 Dungeon seed: eydr7O6Op9gw8aB_ Game ID: Zazza_1619180278 Your Inventory: Coins $ - 1170 gold pieces Weapons a - 40 +2 darts (in quiver) u - a +0 knife v - a +0 spear y - a +0 orcish dagger (weapon in hand) Armor e - an uncursed +0 Hawaiian shirt (being worn) q - an uncursed +0 chain mail Comestibles b - an uncursed egg c - 2 uncursed food rations d - an uncursed pancake f - an uncursed banana h - 2 uncursed tripe rations j - an uncursed cram ration s - an uncursed lichen corpse Scrolls l - 2 uncursed scrolls of magic mapping Potions k - 2 uncursed potions of extra healing o - an uncursed potion of invisibility p - a cursed potion of see invisible r - an uncursed potion of enlightenment E - an uncursed potion of confusion Wands A - a wand of teleportation (0:4) Tools m - an expensive camera (0:34) n - an uncursed credit card Gems z - an uncursed worthless piece of orange glass Spells and supernatural/magical abilities: Name Level Category Fail Memory W - pray for help -- divine ? -- Your skills at the end: Fighting Skills Weapon Skills dart [Basic] Spellcasting Skills Final Attributes: You were nominally aligned. You are dead. Vanquished creatures: a little dog a werejackal 4 coyotes a giant rat a cave spider a yellow mold a red mold a gecko 15 jackals a fox a goblin 5 grid bugs 7 lichens 9 newts 49 creatures vanquished. Voluntary challenges: You had been an atheist until turn 1916. You used a wielded weapon 1 time, starting on turn 2115. You were a pacifist. You read items or engraved 7 times, starting on turn 633. You never genocided any monsters. You never polymorphed an object. You never changed form. You used no wishes. You never split a pudding. You wrote Elbereth's name 4 times, starting on turn 1733. You never violated your personal moral code. Dungeon overview: The Dungeons of Doom: levels 1 to 5 Level 1 a fountain a long staircase Level 2 a fountain stairs to The Gnomish Mines Level 3 a fountain, a sink Level 4 some fountains Level 5 <- You were here The Gnomish Mines: Level 3 stairs to The Dungeons of Doom History has recorded: On T:1 you entered the Dungeons of Doom to retrieve the Amulet of Yendor! On T:477 you reached level 2 of The Dungeons of Doom. On T:834 you reached level 1 of The Gnomish Mines. On T:866 you reached level 3 of The Dungeons of Doom. On T:1353 you reached level 4 of The Dungeons of Doom. On T:1717 you reached level 5 of The Dungeons of Doom. Score breakdown: Gold: 1006 (10215 points) Experience: 1 level ( 0 points) Exploration: 5 levels ( 9.62%) ( 8401 points) Discoveries: 0 items ( 0.00%) ( 0 points) Valuables value: (no points given unless you survive) Artifact value: 0 ( 0 points) Variety of kills: 14 monsters ( 3.67%) ( 5750 points) Turncount: 2153 turns ( -109 points) Survival: died (score multiplied by 80%) Total score: 19405 Latest messages: The newt bites! You displace Armand. The kitten bites the newt. The newt is killed! You displace your kitten. The cave spider bites! You miss the cave spider. The cave spider bites! You hit the cave spider. The cave spider bites! You displace your kitten. You hear some noises. You displace your kitten. The cave spider bites! You displace your kitten. You displace Armand. You hear some noises. You hear some noises in the distance. You hear some noises. You displace Armand. The gnome lord hits! You die... Final status: Aloha Zazza the Tourist, killed by a gnome lord... You died in The Dungeons of Doom on dungeon level 5 with 19405 points, and 1170 pieces of gold, after 2153 moves. You were level 1 with a maximum of 10 hit points when you died.